Map: [TLMC19] Amphion

Players

LiquidClem (Clem) - Winner!

  • Race: Terran Terran
  • League: Grandmaster
  • Spawn Location: 7:00

BlyOnFire (Bly)

  • Race: Zerg Zerg
  • Spawn Location: 11:00

VOD

Have the link to the VOD?

Description

Time

  • Played on: Dec. 23, 2023, 10:03 a.m.
  • Length: 8:58
Show
View Real Time Build Order
Export as new Build Order

LiquidClem Terran - Winner!

Build Orders: Reaper Expand 

Get SALT Encoding   

  12  0:00  SCV  
  13  0:12  SCV  
  14  0:17  Supply Depot  
  14  0:25  SCV  
  15  0:39  SCV  
  15  0:41  Barracks  
  16  0:44  Refinery  
  16  0:51  SCV  
  17  1:03  SCV  
  18  1:15  SCV  
  19  1:29  Orbital Command, Reaper  
  20  1:44  Command Center  
  20  1:54  Barracks  
  20  1:58  SCV  
  21  2:01  Barracks Reactor  
  21  2:08  Supply Depot  
  21  2:10  SCV  
  22  2:23  SCV  
  22  2:26  Factory  
  23  2:30  Refinery  
  23  2:35  SCV  
  24  2:39  Marine  
  24  2:40  Marine  
  26  2:46  Barracks Tech Lab  
  26  2:48  SCV  
  27  2:56  Orbital Command  
  27  2:57  Marine x2  
  29  3:00  SCV  
  30  3:06  Stimpack  
  30  3:08  Marine  
  31  3:13  SCV  
  31  3:16  Marine  
  31  3:17  Marine  
  34  3:22  SCV  
  34  3:25  SCV  
  36  3:28  Starport  
  36  3:30  Factory Reactor  
  36  3:35  SCV  
  36  3:36  Marine x2  
  36  3:39  SCV  
  40  3:41  Supply Depot  
  40  3:44  Marine  
  40  3:47  SCV  
  42  3:51  SCV  
  42  3:53  Marine  
  42  3:55  Marine  
  45  4:00  SCV  
  46  4:03  Marine  
  46  4:08  SCV  
  48  4:11  Marine  
  48  4:12  Marine, Medivac x2  
  48  4:15  Factory Tech Lab  
  54  4:21  Supply Depot  
  54  4:39  Refinery  
  54  4:42  Marine x3  
  54  4:43  SCV x2, Siege Tank  
  54  4:44  Supply Depot  
  62  4:50  Supply Depot  
  61  4:55  SCV x2  
  56  5:00  Marine x3  
  54  5:07  SCV x2  
  49  5:15  Siege Tank  
  49  5:18  Marine  
  49  5:19  SCV x2  
  51  5:23  Marine x2  
  53  5:31  SCV x2  
  53  5:33  Engineering Bay  
  55  5:36  Marine, Engineering Bay  
  55  5:41  Marine x2  
  58  5:43  SCV x2  
  58  5:48  Supply Depot  
  60  5:54  Marine  
  60  5:55  SCV x2  
  60  5:59  Marine x2  
  62  6:08  Supply Depot  
  62  6:10  SCV x2, Terran Infantry Armor Level 1, Terran Infantry Weapons Level 1  
  64  6:11  Marine  
  64  6:12  Combat Shield  
  64  6:16  Siege Tank, Marine  
  69  6:22  Marine  
  70  6:29  SCV x2, Marine  
  70  6:30  Supply Depot  
  73  6:34  Marine  
  73  6:38  Command Center  
  74  6:43  Marine  
  74  6:44  Supply Depot  
  75  6:47  Medivac  
  75  6:48  SCV  
  75  6:51  SCV  
  79  6:55  Marine  
  79  6:56  Supply Depot x2, Marine  
  79  7:00  Siege Tank  
  84  7:03  SCV x2  
  84  7:07  Refinery  
  86  7:09  Marine  
  86  7:12  Supply Depot  
  86  7:14  Medivac  
  86  7:15  Marine  
  90  7:16  Marine  
  90  7:18  SCV  
  90  7:19  SCV  
  93  7:26  Marine, Barracks  
  94  7:31  SCV  
  94  7:32  SCV  
  94  7:33  Marine  
  97  7:39  Siege Tank  
  97  7:41  Supply Depot  
  97  7:43  SCV, Marine  
  102  7:50  Medivac x2  
  102  7:51  Marine  
  106  7:55  Marine  
  108  8:00  Supply Depot  
  108  8:01  Marine  
  108  8:02  Orbital Command  
  109  8:07  Armory  
  109  8:09  Marine  
  110  8:13  Marine  
  110  8:15  Siege Tank  
  110  8:19  Barracks Reactor  
  114  8:21  SCV  
  114  8:23  SCV  
  114  8:26  Marine  
  116  8:27  SCV  
  116  8:32  Marine x2  
  116  8:34  SCV  
  116  8:45  SCV x2  
Show
View Real Time Build Order
Export as new Build Order

BlyOnFire Zerg 

Build Orders: Hatch First 

Get SALT Encoding   

  12  0:00  Drone  
  13  0:13  Overlord  
  13  0:20  Drone  
  14  0:31  Drone x2  
  16  0:50  Hatchery  
  16  0:53  Drone  
  16  0:57  Drone  
  17  1:04  Drone  
  18  1:12  Extractor  
  18  1:18  Spawning Pool  
  16  1:20  Drone  
  16  1:23  Drone  
  18  1:29  Drone  
  19  1:44  Drone  
  20  1:54  Overlord  
  20  2:04  Queen x2  
  20  2:05  Zergling x4  
  26  2:13  Drone x2  
  28  2:23  Spore Crawler  
  27  2:35  Drone x2, Overlord  
  29  2:40  Drone  
  30  2:45  Queen  
  30  2:50  Roach Warren  
  31  3:01  Metabolic Boost  
  31  3:03  Drone x4  
  35  3:09  Extractor  
  35  3:12  Drone x3  
  37  3:15  Overlord  
  37  3:31  Overlord  
  37  3:36  Roach x4  
  45  3:41  Roach  
  45  3:47  Roach x2  
  51  3:54  Overlord  
  51  4:04  Zergling x8  
  51  4:05  Zergling x4  
  57  4:11  Overlord  
  57  4:13  Overlord  
  57  4:17  Ravager x2  
  57  4:18  Ravager  
  57  4:24  Zergling x4  
  62  4:31  Overlord  
  62  4:32  Zergling x2  
  62  4:33  Zergling x6  
  62  4:34  Ravager  
  62  4:36  Overlord  
  67  4:44  Overlord  
  67  4:46  Overlord  
  63  5:04  Zergling x10  
  51  5:20  Lair  
  44  5:21  Zergling x12  
  50  5:39  Roach x2  
  54  5:54  Overlord  
  50  6:05  Roach x6  
  50  6:06  Roach  
  61  6:16  Drone x6  
  66  6:20  Glial Reconstitution  
  63  6:32  Hatchery  
  62  6:33  Nydus Network  
  62  6:38  Extractor  
  62  6:39  Extractor  
  59  6:43  Drone x6  
  65  7:03  Drone x3  
  65  7:05  Overlord  
  65  7:07  Roach x3  
  74  7:16  Roach x5  
  84  7:24  Roach x2  
  88  7:41  Drone x2, Burrow  
  90  7:49  Drone x5  
  95  7:54  Infestation Pit  
  94  7:59  Drone  
  94  8:00  Drone, Overlord  
  95  8:08  Roach  
  97  8:14  Overlord x2  
  97  8:16  Nydus Canal  
  95  8:29  Roach x5  
  95  8:33  Nydus Canal  
Tags
 
Add a new tag
Caveats
  • Supply blocks, unpowered buildings, or Contaminate may cause inaccurate times.
  • Supply counts are checked every 10 seconds.